 Dungeon Crawl Stone Soup version 0.28-a0-984-g3775c662fe (console) character file.

Game seed: 4822998997950276725

139505 jejorda2 the Severer (level 16, -1/143 HPs)
             Began as a Palentonga Berserker on Dec 3, 2021.
             Was a High Priest of Trog.
             Slain by a salamander (11 damage)
             ... on level 3 of the Snake Pit.
             The game lasted 01:43:48 (29193 turns).

jejorda2 the Severer (Palentonga Berserker)        Turns: 29193, Time: 01:43:48

Health: -1/143     AC: 30    Str: 28    XL:     16   Next: 73%
Magic:  16/16      EV:  9    Int: 27    God:    Trog [*****.]
Gold:   1288       SH: 11    Dex: 14    Spells: 15/15 levels left

rFire   + + .      SeeInvis +   a - +0 broad axe {elec, Contam +Blink rN+ Int+9}
rCold   + + .      Faith    +   Y - +0 kite shield
rNeg    + . .      Spirit   .   E - +0 fire dragon scales
rPois   +          Reflect  .   t - +1 helmet
rElec   +          Harm     .   A - +0 cloak
rCorr   .          Rampage  .   v - +2 pair of gloves "Sikah" {rC++}
Will    +++..                   C - +0 barding {rC+}
Stlth   ..........              J - amulet of faith
HPRegen 1.33/turn               R - ring "Uduly" {rElec Int+6 Dex+4}
MPRegen 0.15/turn               P - ring "Weuleel" {rPois Int+4}

@: about to teleport, weakened, strong-willed, on berserk cooldown,
regenerating, slowed, curled up, very slow
A: large, rugged brown scales 3, see invisible, deformed body, roll 1, armoured
tail, reflexive curl
a: Rolling Charge, Renounce Religion, Evoke Blink, Berserk, Trog's Hand,
Brothers in Arms


You were on level 3 of the Snake Pit.
You worshipped Trog.
Trog was extremely pleased with you.
You visited 5 branches of the dungeon, and saw 27 of its levels.
You visited 1 bazaar.
You also visited: Ice Cave and Volcano.

You collected 4477 gold pieces.
You spent 3189 gold pieces at shops.

Inventory:

Hand Weapons
 a - the +0 broad axe of Ujexesang (weapon) {elec, Contam +Blink rN+ Int+9}
   (You found it on level 14 of the Dungeon)

   It occasionally discharges a powerful burst of electricity upon striking a
   foe.
   Int:       It affects your intelligence (+9).
   rN:        It protects you from negative energy.
   +Blink:    It lets you blink.
   Contam:    It causes magical contamination when unequipped.
 b - a +4 morningstar
 x - a +0 broad axe
Missiles
 h - 644 stones
 n - 94 poisoned darts
 o - 3 boomerangs of dispersal
 y - 12 boomerangs
 V - 5 silver javelins
 X - a throwing net
Armour
 t - a +1 helmet (worn)
 v - the +2 pair of gloves "Sikah" (worn) {rC++}
   (You found it on level 5 of the Dungeon)

   rC:        It greatly protects you from cold.
 A - a +0 cloak (worn)
 C - a +0 barding of cold resistance (worn)
 E - +0 fire dragon scales (worn)
 Y - a +0 kite shield (worn)
Jewellery
 d - a +4 ring of slaying
 J - an amulet of faith (around neck)
 P - the ring "Weuleel" (right hand) {rPois Int+4}
   (You bought it in a shop in a bazaar)

   [ring of poison resistance]

   Int:       It affects your intelligence (+4).
   rPois:     It protects you from poison.
 R - the ring "Uduly" (left hand) {rElec Int+6 Dex+4}
   (You acquired it on level 13 of the Dungeon)

   [ring of intelligence]

   Int:       It affects your intelligence (+6).
   Dex:       It affects your dexterity (+4).
   rElec:     It insulates you from electricity.
 S - a ring of willpower
Wands
 f - a wand of flame (9)
 j - a wand of charming (9)
 D - a wand of mindburst (19)
 F - a wand of digging (12)
 K - a wand of iceblast (14)
 T - a wand of polymorph (6)
Scrolls
 c - 3 scrolls of blinking
 g - 6 scrolls of teleportation
 l - 3 scrolls of fog
 p - a scroll of enchant weapon
 s - 4 scrolls of immolation
 w - 3 scrolls of fear
 B - a scroll of holy word
 G - 2 scrolls of silence
 H - 5 scrolls of identify
Potions
 e - 10 potions of heal wounds
 i - 13 potions of curing
 k - 8 potions of lignification
 m - 3 potions of flight
 r - 3 potions of invisibility
 u - 2 potions of cancellation
 z - a potion of haste
 I - 2 potions of attraction
 M - 7 potions of ambrosia
 N - 8 potions of mutation
 O - 3 potions of magic
 U - 4 potions of resistance
 W - 2 potions of might
Miscellaneous
 q - a condenser vane (inert)
 L - a tin of tremorstones (2/2)
 Q - a lightning rod (4/4)


   Skills:
 - Level 14.7 Fighting
 - Level 20.0 Axes
 + Level 9.3 Armour
 + Level 7.2 Dodging
 + Level 9.3 Shields
 + Level 7.2 Evocations


You had 15 spell levels left.
You didn't know any spells.
Your spell library was empty.

Dungeon Overview and Level Annotations

Branches:
Dungeon (15/15)            Temple (1/1) D:6            Lair (6/6) D:10
  Swamp (0/4) Lair:3        Snake (3/4) Lair:4        Slime (0/5) Lair:6
    Orc (2/2) D:10            Elf (0/3) Orc:2        Vaults (0/5) D:13
 Depths (0/4) D:15          IceCv (visited)         Volcano (visited)

Altars:
Cheibriados
Elyvilon
Hepliaklqana
Kikubaaqudgha
Makhleb
Nemelex Xobeh
Qazlal
Ru
Sif Muna
Uskayaw
Vehumet
Wu Jian
Xom
Zin
Beogh
Jiyva

Shops:
D:5 *   D:13 *(:   D:14 :   Orc:1 *   Orc:2 =*(*   Snake:3 :

Portals:
Trove: D:10 (give 12 potions of heal wounds)

Annotations:
D:8 3 runed translucent doors, petzl's ghost, novice OpAM


Innate Abilities, Weirdness & Mutations

You are completely covered in rugged brown scales. (AC +3, +7% HP)
You have supernaturally acute eyesight. (SInv)
Armour fits poorly on your strangely shaped body.
You can roll at nearby foes to attack.
You have a long armoured tail.
You curl defensively after being hit. (AC +7*)


Message History

The salamander dies!
Trog accepts your kill. The salamander barely misses you.
A salamander comes into view.
Your two-headed ogre barely misses the salamander.
Your two-headed ogre closely misses the salamander.
The salamander wields a +1 shortbow of flaming.
It bursts into flame!
The salamander shoots an arrow.
The arrow closely misses you.
The salamander hits you from afar with a +1 trident.
* * * LOW HITPOINT WARNING * * *
You are engulfed in flames.
You resist.
* * * LOW HITPOINT WARNING * * *
The salamander tyrant hits you but does no damage.
Your two-headed ogre barely misses the salamander.
Your two-headed ogre hits the salamander with a +0 giant club!
The salamander hits you from afar with a +3 trident.
* * * LOW HITPOINT WARNING * * *
You are engulfed in flames.
You resist.
* * * LOW HITPOINT WARNING * * *
Unknown command.
Unknown command.
Unknown command.
Okay, then.
Unknown command.
Okay, then.
Unknown command.
As you read the scroll of teleportation, it crumbles to dust.
You feel strangely unstable.
Your two-headed ogre closely misses the salamander.
Your two-headed ogre hits the salamander with a +0 giant club!
You block the salamander's attack.
The salamander shoots an arrow.
You block the arrow. The salamander tyrant hits you.
* * * LOW HITPOINT WARNING * * *
You are engulfed in flames!
You resist.
* * * LOW HITPOINT WARNING * * *
The salamander hits you but does no damage.
The salamander shoots an arrow.
You block the arrow.
The salamander hits you from afar with a +1 trident!
You die...

#. # #. # #.## ## #..#
.# #..# # .## #... .#
..## ##.###.##
...########.#.NN@...#.
......#..))....O∩......N
........###.#..N....#.##
###.......# ##.###.##
###.......#... ..#
###..)..#..# ..#
##....#..# .# #...#.##
.# ##.#.#


You could see a salamander tyrant, 3 salamanders and a friendly two-headed ogre
(summoned, berserk).

Vanquished Creatures
  Gastronok (Lair:2)
  Kirke (D:13)
  A very ugly thing (IceCv)
  An ettin (D:15)
  4 ogre magi (Orc:2)
  A rakshasa (D:15)
  5 hydras
  Fannar (Lair:2)
  A caustic shrike simulacrum (IceCv)
  8 boulder beetles
  A naga warrior (Snake:2)
  7 centaur warriors
  6 anacondas
  6 catoblepae
  24 two-headed ogres
  3 tengu warriors
  A hell hog (Volcano)
  15 death yaks
  A shock serpent (shapeshifter) (D:13)
  2 shock serpents
  Nergalle (Lair:1)
  2 naga sharpshooters (Snake:1)
  Urug (D:13)
  3 salamander mystics
  2 sea snakes (Snake:2)
  3 skeletal warriors (D:14)
  A deep troll (D:15)
  4 naga ritualists (Snake:2)
  2 necromancers (D:15)
  2 deep elf pyromancers
  13 mana vipers
  Pikel (D:5)
  An orange crystal statue (IceCv)
  6 cyclopes
  4 manticores
  2 ugly things
  16 salamanders
  19 black mambas
  Maurice (D:12)
  Joseph (D:8)
  3 elephants (Lair:6)
  2 gargoyles
  A guardian serpent (Snake:1)
  A torpor snail (Lair:5)
  7 naga magi
  An unseen horror (D:13)
  9 cane toads
  2 rime drakes
  A golden dragon simulacrum (IceCv)
  2 freezing wraiths (IceCv)
  A yaktaur (D:14)
  A kobold demonologist (D:9)
  10 komodo dragons
  An anaconda simulacrum (IceCv)
  A guardian mummy (D:10)
  6 meliai
  9 trolls
  A queen bee (Lair:1)
  4 polar bears
  Grinder (D:6)
  15 blink frogs
  A hornet (D:9)
  A raiju (shapeshifter) (D:15)
  9 slime creatures (D:13)
  2 shadows
  A wraith (D:11)
  Sigmund (D:5)
  58 yaks
  A wyvern (Lair:3)
  18 humans (D:13)
  A fire bat (Volcano)
  2 hogs (D:13)
  Eustachio (D:6)
  6 basilisks
  2 steam dragons
  3 vampire mosquitoes (D:12)
  2 wargs (Orc:2)
  Menkaure (D:7)
  2 harpy simulacra (IceCv)
  Edmund (D:6)
  15 nagas
  2 acid dragons
  A hell hound (Volcano)
  16 water moccasins
  A sky beast (D:8)
  12 orc warriors
  An ice beast (D:3)
  2 alligator simulacra (IceCv)
  An ettin simulacrum (IceCv)
  20 ogres
  9 centaurs
  A lemure (D:5)
  10 bullfrogs
  3 kobold brigands
  A gnoll sergeant (D:10)
  2 scorpions
  A wyvern skeleton (D:7)
  31 killer bees
  7 howler monkeys
  12 wights
  5 electric eels
  2 vampire bats (D:5)
  A jelly (D:7)
  5 centaur zombies
  Crazy Yiuf (D:6)
  8 orc priests
  2 hounds
  3 iguanas
  Natasha (thrice) (D:3)
  12 orc wizards
  Ijyb (D:5)
  A killer bee zombie (D:8)
  3 hound skeletons (D:4)
  A howler monkey zombie (D:7)
  3 adders
  2 white imps (D:6)
  2 ufetubi
  A worm (D:2)
  2 adder skeletons
  8 dart slugs
  42 orcs
  9 ball pythons
  2 bats (D:1)
  2 bat skeletons (D:5)
  3 bat zombies (D:5)
  4 endoplasms
  2 giant cockroaches
  7 goblins
  4 hobgoblins
  5 jackals
  6 quokkas
  4 frilled lizards
  20 kobolds
  21 rats
712 creatures vanquished.

Vanquished Creatures (collateral kills)
  A very ugly thing (IceCv)
  2 two-headed ogres (Orc:2)
  A mana viper (Snake:2)
  A salamander (Snake:3)
  A black mamba (Snake:2)
  A yak (Lair:6)
  A warg (Orc:2)
  An orc warrior (Orc:2)
  4 ogres (Orc:2)
  2 scorpions (D:5)
  A bullfrog skeleton (D:5)
  4 gnolls (Orc:2)
20 creatures vanquished.

Vanquished Creatures (others)
  A human (D:13)
  An orc (D:7)
  6 fungi
  41 plants
49 creatures vanquished.

Grand Total: 781 creatures vanquished

Notes
Turn   | Place    | Note
-------+----------+-------------------------------------------
     0 | D:1      | jejorda2 the Palentonga Berserker began the quest for the
                  | Orb.
     0 | D:1      | Reached XP level 1. HP: 19/19 MP: 1/1
    64 | D:1      | Found a faded altar of an unknown god.
   158 | D:1      | Reached XP level 2. HP: 25/25 MP: 2/2
   825 | D:2      | Reached ** piety under Trog
   826 | D:2      | Reached XP level 3. HP: 24/31 MP: 3/3
  1464 | D:2      | Reached skill level 4 in Axes
  1464 | D:2      | Reached XP level 4. HP: 38/38 MP: 4/4
  2327 | D:3      | Noticed Natasha
  2331 | D:3      | Killed Natasha
  2460 | D:3      | Noticed Natasha
  2461 | D:3      | Noticed an ice beast
  2467 | D:3      | Killed an ice beast
  2468 | D:3      | Reached XP level 5. HP: 44/44 MP: 5/5
  2469 | D:3      | Killed Natasha
  2470 | D:3      | Reached skill level 5 in Axes
  2717 | D:3      | Noticed Natasha
  2720 | D:3      | Killed Natasha
  2726 | D:3      | Reached XP level 6. HP: 51/51 MP: 6/6
  3353 | D:4      | Reached skill level 6 in Axes
  3562 | D:4      | Found an ornate altar of the Wu Jian Council.
  3600 | D:4      | Gained mutation: You curl defensively after being hit. (AC
                  | +7*) [Palentonga growth]
  3600 | D:4      | Reached XP level 7. HP: 57/58 MP: 7/7
  3669 | D:4      | Reached *** piety under Trog
  3826 | D:5      | Entered Level 5 of the Dungeon
  3874 | D:5      | Reached skill level 5 in Fighting
  4140 | D:5      | Noticed Ijyb
  4144 | D:5      | Noticed Sigmund
  4149 | D:5      | Killed Ijyb
  4150 | D:5      | Reached skill level 7 in Axes
  4150 | D:5      | Found Tebolijoe's General Store.
  4162 | D:5      | Killed Sigmund
  4163 | D:5      | Reached XP level 8. HP: 57/67 MP: 8/8
  4208 | D:5      | Found a snail-covered altar of Cheibriados.
  4450 | D:5      | Noticed Pikel
  4466 | D:5      | Killed Pikel
  4467 | D:5      | Reached skill level 8 in Axes
  4503 | D:5      | Identified the +2 pair of gloves "Sikah" {rC++}
  4776 | D:5      | Found an ancient bone altar of Kikubaaqudgha.
  4918 | D:6      | Found a staircase to the Ecumenical Temple.
  4921 | D:6      | Noticed Edmund
  4926 | D:6      | Killed Edmund
  4927 | D:6      | Reached skill level 9 in Axes
  4927 | D:6      | Reached skill level 5 in Armour
  4935 | Temple   | Entered the Ecumenical Temple
  4993 | D:6      | Noticed Eustachio
  5003 | D:6      | Reached XP level 9. HP: 73/73 MP: 9/9
  5008 | D:6      | Killed Eustachio
  5117 | D:6      | Found a hazy altar of Hepliaklqana.
  5210 | D:6      | Found a runed translucent door.
  5211 | D:6      | Noticed Crazy Yiuf
  5218 | D:6      | Killed Crazy Yiuf
  5348 | D:6      | Found a radiant altar of Vehumet.
  5459 | D:6      | Found a shimmering altar of Xom.
  5460 | D:6      | Noticed an angel
  5461 | D:6      | Found a glowing silver altar of Zin.
  5466 | D:6      | Noticed Grinder
  5473 | D:6      | Killed Grinder
  5474 | D:6      | Reached skill level 10 in Axes
  6126 | D:7      | Reached skill level 11 in Axes
  6172 | D:7      | Noticed Menkaure
  6175 | D:7      | Killed Menkaure
  6254 | D:7      | Found a hide-covered altar of Uskayaw.
  6426 | D:7      | Noticed a two-headed ogre
  6432 | D:7      | Killed a two-headed ogre
  6433 | D:7      | Reached skill level 12 in Axes
  6433 | D:7      | Reached XP level 10. HP: 39/81 MP: 10/10
  6565 | D:7      | Reached **** piety under Trog
  6588 | D:7      | Found a burning altar of Makhleb.
  7109 | D:8      | Noticed Joseph
  7119 | D:8      | Killed Joseph
  7321 | D:8      | Found a runed translucent gate.
  7323 | D:8      | Found a runed translucent gate.
  7323 | D:8      | Noticed petzl's ghost (novice OpAM)
  7325 | D:8      | Found a runed translucent gate.
  7391 | D:8      | Found a sparkling altar of Nemelex Xobeh.
  7638 | D:8      | Reached skill level 13 in Axes
  8331 | D:9      | Reached skill level 1 in Shields
  8349 | D:9      | Found a white marble altar of Elyvilon.
  8367 | D:9      | Noticed a two-headed ogre
  8375 | D:9      | Killed a two-headed ogre
  8437 | D:9      | Paralysed by a hornet for 2 turns
  8834 | D:10     | Entered Level 10 of the Dungeon
  8885 | D:10     | Found a staircase to the Orcish Mines.
  8903 | D:10     | Noticed a two-headed ogre
  8911 | D:10     | Killed a two-headed ogre
  8912 | D:10     | Reached skill level 14 in Axes
  8915 | D:10     | Reached XP level 11. HP: 85/85 MP: 11/11
  8959 | D:10     | Noticed a two-headed ogre
  8967 | D:10     | Killed a two-headed ogre
  9119 | D:10     | Found a shimmering blue altar of Sif Muna.
  9241 | D:10     | Found a portal to a secret trove of treasure.
  9420 | D:10     | Found a stormy altar of Qazlal.
  9432 | D:10     | Found a staircase to the Lair.
  9565 | D:11     | Reached skill level 15 in Axes
  9958 | D:11     | Noticed a two-headed ogre
  9965 | D:11     | Killed a two-headed ogre
 10022 | D:11     | Reached ***** piety under Trog
 10474 | D:11     | Identified the +7 rapier "Ijuinal" {pain, rN+ Str+4 Int-5}
 10599 | Lair:1   | Entered Level 1 of the Lair of Beasts
 10722 | Lair:1   | Identified the +3 hand axe "Deyklateng" {drain, Int+4}
 10851 | Lair:1   | Noticed Nergalle
 10853 | Lair:1   | Noticed a spectral orc warlord
 10863 | Lair:1   | Killed Nergalle
 10964 | Lair:1   | Noticed a five-headed hydra
 10972 | Lair:1   | Killed a five-headed hydra
 10973 | Lair:1   | Reached skill level 16 in Axes
 11052 | Lair:1   | Reached XP level 12. HP: 48/94 MP: 12/12
 11801 | Lair:2   | Noticed Fannar
 11801 | Lair:2   | Noticed a six-headed hydra
 11811 | Lair:2   | Killed a six-headed hydra
 11823 | Lair:2   | Killed Fannar
 11905 | Lair:2   | Noticed Gastronok
 11919 | Lair:2   | Killed Gastronok
 11920 | Lair:2   | Reached skill level 5 in Dodging
 12802 | Lair:3   | Reached skill level 17 in Axes
 12863 | Lair:3   | Found a staircase to the Swamp.
 13580 | Lair:4   | Noticed a catoblepas
 13580 | Lair:4   | Noticed a catoblepas
 13593 | Lair:4   | Killed a catoblepas
 13597 | Lair:4   | Killed a catoblepas
 13971 | Lair:4   | Reached XP level 13. HP: 80/99 MP: 13/13
 14016 | Lair:4   | Found a staircase to the Snake Pit.
 14765 | Lair:5   | Reached skill level 18 in Axes
 14919 | Lair:5   | Reached skill level 1 in Evocations
 14967 | Lair:5   | Received a gift from Trog
 15475 | Lair:6   | Entered Level 6 of the Lair of Beasts
 16025 | Lair:6   | Reached XP level 14. HP: 61/111 MP: 14/14
 16336 | Lair:6   | Reached skill level 19 in Axes
 16637 | Lair:6   | Found a viscous altar of Jiyva.
 16637 | Lair:6   | Found a staircase to the Slime Pits.
 17041 | D:12     | Reached skill level 5 in Evocations
 17183 | D:12     | Noticed Maurice
 17187 | D:12     | Killed Maurice
 18195 | D:13     | Noticed Urug
 18195 | D:13     | Found a gate to the Vaults.
 18423 | D:13     | Found Zojuidde's Book Emporium.
 18427 | D:13     | Identified a scroll of acquirement
 18427 | D:13     | Acquired the ring "Uduly" {rElec Int+6 Dex+4}
 18540 | D:13     | Found Hion Zaw's Weapon Boutique.
 18701 | D:13     | Found Zuc Jimis's Assorted Antiques.
 18715 | D:13     | Found a gateway to a bazaar.
 18734 | D:13     | Reached skill level 20 in Axes
 18736 | D:13     | Killed Urug
 18780 | D:13     | Bought a ruby potion for 26 gold pieces
 18853 | D:13     | Reached skill level 10 in Fighting
 18884 | D:13     | Noticed Kirke
 18898 | D:13     | Killed Kirke
 19299 | Orc:1    | Entered Level 1 of the Orcish Mines
 19319 | Orc:1    | Reached XP level 15. HP: 78/125 MP: 15/15
 19442 | Orc:1    | Found Sovoesim's Overcharged Wands.
 19595 | Orc:2    | Entered Level 2 of the Orcish Mines
 19614 | Orc:2    | Found a dark tunnel.
 19629 | Volcano  | Entered a volcano
 19769 | Volcano  | Received a gift from Trog
 20192 | Orc:2    | Paralysed by an ogre mage for 4 turns
 20196 | Orc:2    | HP: 4/128 [ogre mage (8)]
 20499 | Orc:2    | Paralysed by an ogre mage for 5 turns
 20528 | Orc:2    | Found Base's Assorted Antiques.
 20662 | Orc:2    | Found a staircase to the Elven Halls.
 20683 | Orc:2    | Received a gift from Trog
 20836 | Orc:2    | Found Sufulas's Assorted Antiques.
 20839 | Orc:2    | Found Zykirool's Weapon Emporium.
 20839 | Orc:2    | Found Ypuosos's Jewellery Boutique.
 21359 | Bazaar   | Entered a bazaar
 21383 | Bazaar   | Found Qiepp's General Store.
 21394 | Bazaar   | Found Enaebomi's Jewellery Emporium.
 21446 | Bazaar   | Found Tuaproke's Jewellery Shoppe.
 21475 | Bazaar   | Found Woxtocao's Distillery.
 21534 | Bazaar   | Found Seush's Jewellery Shoppe.
 21602 | Bazaar   | Bought a potion of heal wounds for 40 gold pieces
 21637 | Bazaar   | Bought a ring of willpower for 225 gold pieces
 21637 | Bazaar   | Bought a scroll of acquirement for 468 gold pieces
 21646 | Bazaar   | Bought a ring of resist corrosion for 240 gold pieces
 21681 | Bazaar   | Bought the ring "Weuleel" {rPois Int+4} for 318 gold pieces
 21682 | Bazaar   | Acquired 865 gold pieces
 21818 | Orc:2    | Bought a scroll of acquirement for 1872 gold pieces
 21820 | Orc:2    | Acquired a +0 barding of cold resistance
 22003 | D:14     | Found a frozen archway.
 22015 | IceCv    | Entered an ice cave
 22020 | IceCv    | Found a transporter.
 22138 | IceCv    | Found a transporter.
 22169 | IceCv    | Identified the ring of Youthful Indiscretion {*Slow rC-
                  | rCorr EV+4 Str+3 Int+7}
 22177 | IceCv    | Identified the +6 halberd "Itravic" {antimagic, Fly rElec
                  | Int+3 Dex-5}
 22349 | D:14     | Found Iwurak Cari's Book Boutique.
 22510 | D:14     | You fall into a shaft and drop 1 floor!
 22510 | D:15     | Entered Level 15 of the Dungeon
 22591 | D:14     | HP: 6/135 [tengu warrior (13)]
 22670 | D:14     | Acquired an amulet of faith
 22672 | D:14     | Acquired 910 gold pieces
 22941 | D:14     | Identified the +0 broad axe of Ujexesang {elec, Contam
                  | +Blink rN+ Int+9}
 23107 | D:14     | Identified the +2 scale mail of the Wumpus {Dex+3 SInv}
 23564 | D:15     | Found a staircase to the Depths.
 24036 | D:15     | Reached XP level 16. HP: 93/143 MP: 16/16
 24304 | D:15     | Found a sacrificial altar of Ru.
 24667 | Snake:1  | Entered Level 1 of the Snake Pit
 24686 | Snake:1  | Reached skill level 5 in Shields
 25503 | Snake:1  | Received a gift from Trog
 29149 | Snake:3  | Found Oxitix's Book Emporium.
 29193 | Snake:3  | Slain by a salamander

Illustrated notes

Levels and vault maps discovered:
D:1:      amcnicky_arrival_blooded_trapdoor, layout_loops_ring,
          hellmonk_ecumenical_altar_arch_garden
D:2:      layout_basic, st_stairs_11, bh_walls_and_bars
D:3:      layout_loops_ring, minmay_fractal_squares_gapless_5, uniq_natasha
D:4:      layout_basic, pdpol_wu_jian_five_deadly_venoms, minmay_rat_hole
D:5:      layout_gridville, kennysheep_slug_shrine, kennysheep_vampire_church,
          serial_shops, nicolae_stop_n_shop_1, uniq_pikel, uniq_ijyb,
          uniq_sigmund
D:6:      kennysheep_slugbush, layout_basic,
          grunt_temple_overflow_order_and_chaos_1, nicolae_vehumet_radiance,
          mainiacjoe_overflow_small_starburst, minmay_temple_entry_large_hall,
          chequers_serial_rivers_small_a, hangedman_abyss_or_decor_stabs,
          uniq_grinder, uniq_eustachio, uniq_edmund, uniq_crazy_yiuf_cottage
D:7:      layout_loops_ring, mainiacjoe_overflow_chevrons,
          mainiacjoe_overflow_six_doors_small, uniq_menkaure
D:8:      layout_layer_cave, old_standard_altar, gammafunk_ghost_split,
          uniq_joseph
D:9:      layout_roguey, elyvilon_altar_4
D:10:     layout_rooms, nicolae_sif_muna_little_library,
          nicolae_qazlal_eye_of_the_storm, david_lair_shrubbed, orc_0_dummy,
          nicolae_trove_entry_path_of_doom, minmay_between
D:11:     layout_stronghold, minivault_14
D:12:     layout_stronghold, uniq_maurice
D:13:     layout_roguey, david_vaults_3, serial_shops, bzr_entry_customers,
          nicolae_shop_bloodbath_and_beyond, nicolae_shop_behind_doors,
          shop_coins, minivault_25_ag, uniq_kirke
D:14:     layout_small_grid, nicolae_concentric_dashed_squares_wild,
          serial_shops, kennysheep_mini_moat, portal_ice_cave_entry_pillars_2,
          minivault_10
D:15:     hangedman_depths_entry_civil_slaughter, layout_small_grid,
          nicolae_ru_path_of_blood
Temple:   nicolae_temple_figure_zero
Lair:1:   layout_gridlike, special_room [special_room_bee], uniq_nergalle
Lair:2:   layout_regular_city, lemuel_fruit_fields, uniq_gastronok, uniq_fannar
Lair:3:   layout_hall_layers, swamp_mist, grunt_megastairs_1
Lair:4:   layout_cave_pods, minmay_snake_entry_six_corridors
Lair:5:   layout_roguey, pond
Lair:6:   evilmike_catoblepas_cave, layout_big_grid,
          dpeg_slime_entry_enclosed_altar
Snake:1:  layout_grid_maze
Snake:2:  layout_chambers, serial_bayou_shore_a
Snake:3:  layout_cave_pods, minmay_shop_star
Orc:1:    layout_caves, basic_altar, nicolae_shop_overcharged_wands
Orc:2:    st_orc_ogre_mass, layout_caves, nicolae_volcano_entry_two_sided

Skill      XL: |  1  2  3  4  5  6  7  8  9 10 11 12 13 14 15 16 |
---------------+-------------------------------------------------+-----
Armour         | 2 3 4 5 6 7 8 9 |  9.3
Axes           | 4 5 6 7 9 12 14 16 17 18 20 | 20.0
Fighting       | 4 5 6 7 10 14 | 14.7
Shields        | 2 4 9 |  9.3
Dodging        | 4 6 7 |  7.2
Evocations     | 4 6 7 |  7.2

Action                   |  1- 3 |  4- 6 |  7- 9 | 10-12 | 13-15 | 16-18 || total
-------------------------+-------+-------+-------+-------+-------+-------++-------
Melee: Hand axe          |    65 |    92 |   218 |       |       |       ||   375
       Tailslap          |     5 |    11 |    36 |    76 |   149 |    62 ||   339
       War axe           |       |       |    13 |   500 |   152 |       ||   665
       Morningstar       |       |       |       |     9 |       |       ||     9
       Battleaxe         |       |       |       |       |   593 |       ||   593
       Broad axe         |       |       |       |       |    72 |   335 ||   407
Throw: Stone             |     3 |       |       |       |       |       ||     3
       Dart              |       |       |     1 |     5 |    18 |       ||    24
       Boomerang         |       |       |       |       |     1 |       ||     1
Invok: Berserk           |     2 |     3 |    10 |    16 |    15 |     6 ||    52
       Trog's Hand       |       |     1 |     1 |     2 |     7 |     2 ||    13
       Brothers in Arms  |       |       |       |     1 |     5 |     3 ||     9
 Abil: Rolling Charge    |    26 |    24 |    41 |    66 |   127 |    45 ||   329
       Evoke Blink       |       |       |       |       |       |     1 ||     1
Evoke: Wand              |       |       |       |     7 |     6 |     2 ||    15
       Tin of tremorston |       |       |       |       |     3 |       ||     3
       Condenser vane    |       |       |       |       |     1 |     1 ||     2
  Use: Scroll            |       |       |    13 |    13 |    11 |     2 ||    39
       Potion            |       |       |       |       |     2 |     1 ||     3
 Stab: Distracted        |       |       |     2 |       |       |       ||     2
       Petrified         |       |       |       |       |     9 |       ||     9
Armor: Animal skin       |     8 |       |       |       |       |       ||     8
       Ring mail         |    10 |    18 |    29 |       |       |       ||    57
       Scale mail        |       |       |   105 |    18 |       |       ||   123
       Troll leather arm |       |       |       |    35 |       |       ||    35
       Fire dragon scale |       |       |       |   104 |   352 |   160 ||   616
Dodge: Dodged            |    23 |    27 |    91 |   135 |   320 |    59 ||   655
Block: Buckler           |       |       |       |    44 |     8 |       ||    52
       Kite shield       |       |       |       |       |       |   120 ||   120

Table legend: (Time is in decaauts)
 A = Elapsed time spent in this place.
 B = Non-inter-level travel time spent in this place.
 C = Inter-level travel time spent in this place.
 D = Time resting spent in this place.
 E = Time spent auto-exploring this place.
 F = Levels seen in this place.
 G = Mean time per level.
                   A        B        C        D        E       F      G
               +--------+--------+--------+--------+--------+-----+--------+
         Total |  29316 |  27139 |   2177 |   3367 |  19331 |  30 |  977.2 |
       Dungeon |  15689 |  14251 |   1438 |   1686 |  10404 |  15 | 1045.9 |
        Temple |     32 |     32 |      0 |     30 |      0 |   1 |   32.0 |
          Lair |   6411 |   6042 |    369 |    679 |   4404 |   6 | 1068.5 |
     Snake Pit |   4500 |   4292 |    208 |    655 |   3192 |   3 | 1500.0 |
  Orcish Mines |   1717 |   1556 |    161 |     46 |   1075 |   2 |  858.5 |
        Bazaar |    333 |    333 |      0 |      0 |    179 |   1 |  333.0 |
      Ice Cave |    287 |    287 |      0 |    199 |      0 |   1 |  287.0 |
       Volcano |    344 |    344 |      0 |     69 |     76 |   1 |  344.0 |
               +--------+--------+--------+--------+--------+-----+--------+

Top non-repeatable levels by time:
 Snake:2: 2609 daAuts
 Snake:1: 1814 daAuts
  Lair:6: 1384 daAuts
    D:12: 1343 daAuts
  Lair:1: 1287 daAuts
     D:2: 1259 daAuts
   Orc:2: 1251 daAuts
    D:15: 1243 daAuts
     D:6: 1201 daAuts
     D:8: 1118 daAuts
    D:11: 1084 daAuts
     D:4: 1052 daAuts
  Lair:4: 1043 daAuts
    D:13: 1038 daAuts
     D:5: 1016 daAuts
